 Dungeon Crawl Stone Soup version 0.26-a0-1164-g1a551d6a14 (webtiles) character file.

Game seed: 8099181678864451143

33106 Marmelada08 the Unseen (level 13, -1/123 HPs)
             Began as a Naga Necromancer on Dec 23, 2020.
             Was an Initiate of Gozag.
             Slain by a two-headed ogre
             ... wielding a +0 giant spiked club
              (24 damage)
             ... on level 14 of the Dungeon.
             The game lasted 00:45:01 (20678 turns).

Marmelada08 the Unseen (Naga Necromancer)          Turns: 20678, Time: 00:45:03

Health: -1/123     AC: 15    Str: 16    XL:     13   Next: 68%
Magic:  3/25       EV:  7    Int: 22    God:    Gozag
Gold:   3454       SH: 15    Dex: 11    Spells: 15/29 levels left

rFire    + . .     SeeInvis +   b - +2 dagger (elec)
rCold    + . .     Faith    .   H - +0 kite shield
rNeg     . . .     Spirit   .   u - +1 robe of Iloique {rF+ rC+ SInv}
rPois    +         Reflect  +   c - +0 helmet
rElec    .         Harm     .   B - +1 cloak
rCorr    .         Rampage  .   o - +1 pair of gloves
Will     +....                  k - +0 barding
Stlth    +++++++...             t - amulet of reflection
HPRegen  0.30/turn              A - +6 ring of strength
MPRegen  0.19/turn              M - ring of stealth

@: very slow
A: large, see invisible, deformed body, poison resistance, slowness 2, spit
poison 1, constrict 1, AC +4
a: Spit Poison, Renounce Religion, Potion Petition, Call Merchant, Bribe Branch


You were on level 14 of the Dungeon.
You worshipped Gozag.
Gozag was most pleased with you.
You visited 2 branches of the dungeon, and saw 16 of its levels.

You collected 3699 gold pieces.
You spent 163 gold pieces at shops.
You paid 82 gold pieces to Gozag.

Inventory:

Hand Weapons
 a - a +3 long sword of holy wrath
 b - a +2 dagger of electrocution (weapon)
 N - a +5 demon trident
 Q - a +0 scimitar of flaming
Missiles
 d - 390 stones (quivered)
Armour
 c - a +0 helmet (worn)
 k - a +0 barding (worn)
 o - a +1 pair of gloves (worn)
 u - the +1 robe of Iloique (worn) {rF+ rC+ SInv}
   (You bought it in a shop on level 5 of the Dungeon)

   It protects you from fire.
   It protects you from cold.
   It lets you see invisible.
 B - a +1 cloak (worn)
 H - a +0 kite shield (worn)
 J - a +2 robe of willpower
Jewellery
 e - a cursed amulet of inaccuracy {unknown}
 i - the ring of Tiysouf {Wiz Str+3}
   (You found it on level 14 of the Dungeon)

   [ring of wizardry]

   It improves your spell success rate.
   It affects your strength (+3).
 p - an uncursed amulet of magic regeneration
 t - an amulet of reflection (around neck)
 A - a +6 ring of strength (left hand)
 M - a ring of stealth (right hand)
Wands
 g - a wand of random effects (58)
 v - a wand of flame (60)
 y - a wand of paralysis (5)
 z - a wand of polymorph (21)
 F - a wand of disintegration (12)
 G - a wand of digging (6)
 W - a wand of iceblast (14)
Scrolls
 j - 4 scrolls of enchant weapon
 q - 4 scrolls of teleportation
 r - 4 scrolls of enchant armour
 s - 2 scrolls of fog
 C - 2 scrolls of immolation
 I - 2 scrolls of magic mapping
 K - a scroll of amnesia
 X - a scroll of noise {unknown}
 Z - 2 scrolls of identify
Potions
 f - a potion of magic
 h - 2 potions of curing
 l - 2 potions of mutation
 m - 2 potions of heal wounds
 n - 6 potions of flight
 w - 2 potions of invisibility
 x - 2 potions of berserk rage
 E - a potion of attraction
 V - a potion of degeneration {unknown}
 Y - a potion of lignification {unknown}


   Skills:
 + Level 10.0 Fighting
 - Level 5.0 Short Blades
 - Level 1.5 Dodging
 + Level 16.0 Stealth
 * Level 7.4 Shields
 - Level 8.6 Spellcasting
 - Level 12.1 Necromancy


You had 15 spell levels left.
You knew the following spells:

 Your Spells              Type           Power        Failure   Level
a - Pain                  Necr           100%         1%          1
b - Animate Skeleton      Necr           100%         1%          1
c - Vampiric Draining     Necr           29%          1%          3
d - Animate Dead          Necr           29%          1%          4
e - Agony                 Necr           58%          1%          5

Your spell library contained the following spells:

 Spells                   Type           Power        Failure   Level


Dungeon Overview and Level Annotations

Branches:
Dungeon (15/15)            Temple (1/1) D:5            Lair (0/6) D:10
    Orc (0/2) D:10         Vaults (0/5) D:14         Depths (0/5) D:15

Altars:
Ashenzari
Cheibriados
Dithmenos
Elyvilon
Fedhas
Gozag
Hepliaklqana
Kikubaaqudgha
Makhleb
Nemelex Xobeh
Okawaru
Qazlal
Ru
Sif Muna
Trog
Uskayaw
Vehumet
Wu Jian
Xom
Yredelemnul
Zin
The Shining One

Shops:
D:5 =*([   D:10 (   D:13 !

Portals:
Trove: D:13 (give 11 potions of heal wounds)

Annotations:
D:9 3 runed translucent doors, MoonlitKnight's ghost, novice MiGl
D:11 Snorg
D:13 1 runed translucent door, Qalota's ghost, journeyman MiBe


Innate Abilities, Weirdness & Mutations

You cannot wear boots.
Your serpentine skin is tough. (AC +4)
You have supernaturally acute eyesight. (SInv)
Armour fits poorly on your strangely shaped body.
Your system is resistant to poisons. (rPois)
You cover ground very slowly.
You can spit poison.
You can use your snake-like lower body to constrict enemies.


Message History

You constrict the two-headed ogre.
You hit the two-headed ogre but do no damage.
Lightning courses through the two-headed ogre!
The two-headed ogre is severely wounded.
You constrict the two-headed ogre.
The two-headed ogre hits you with a +0 giant spiked club!
* * * LOW HITPOINT WARNING * * *
The two-headed ogre barely misses you.
You release your grip on the two-headed ogre.
Casting: Vampiric Draining (safe; 1% risk of failure)
Confirm with . or Enter, or press ? or * to list all spells.
Aiming: Vampiric Draining (safe; 1% risk of failure)
Press: ? - help, Shift-Dir - straight line, f/p - two-headed ogre
Aim: a two-headed ogre, wielding two +0 giant spiked clubs (severely wounded, poisoned)
The two-headed ogre is almost dead.
You feel life coursing into your body.
You feel yourself speed up.
You feel yourself slow down.
The two-headed ogre hits you with a +0 giant spiked club!!
You die...
Your body crumbles into a pile of gold.

.#######.....................#
......#......#########.......#
......#......# #.......#
#.....#......# #.......####
#....)#......# #...........
+.....#..[...#########...........
#######..........................
.................................
................@....####........
................O....# #........
...........<.........# #........
............########## #........
############# #..###### ####


You could see a two-headed ogre (poisoned).

Vanquished Creatures
  An ironheart preserver (D:14)
  Josephine (D:10)
  An ogre mage (D:15)
  Erolcha (D:10)
  A centaur warrior (D:12)
  Erica (D:10)
  5 two-headed ogres
  Urug (D:10)
  4 unseen horrors
  A wolf spider zombie (D:12)
  2 statues (D:14)
  An orc sorcerer (D:15)
  An orc knight (D:9)
  2 deep elf magi
  3 cyclopes
  2 manticores (D:14)
  A naga mage (D:15)
  2 gargoyles
  An efreet (D:14)
  A wind drake (shapeshifter) (D:15)
  2 trolls
  A hornet (D:12)
  8 wraiths
  21 yaks
  A water elemental (D:13)
  A wyvern (D:14)
  A basilisk (D:9)
  A soldier ant (D:11)
  4 water moccasins
  A soldier ant (shapeshifter) (D:14)
  8 ice beasts
  7 orc warriors
  An eye of draining (D:12)
  A black bear (D:11)
  9 ogres
  6 phantoms
  6 centaurs (D:11)
  Blork the orc (D:3)
  A big kobold (D:7)
  13 bullfrogs
  11 scorpions
  5 killer bees (D:7)
  A howler monkey (D:4)
  13 wights
  5 electric eels (D:13)
  A crimson imp (D:5)
  2 bullfrog zombies
  5 centaur zombies
  2 quasits
  A wyvern simulacrum (D:14)
  3 hounds
  7 jellies
  2 bullfrog skeletons
  9 centaur skeletons
  13 orc priests
  5 iguanas
  Ijyb (D:3)
  21 orc wizards
  13 worker ants
  A hound zombie (D:9)
  A hound skeleton (D:7)
  9 adders
  4 shadow imps
  2 white imps
  5 ufetubi
  2 oozes
  An adder skeleton (D:4)
  A worm (D:1)
  4 dart slugs
  6 leopard geckos
  51 orcs
  A ball python (D:3)
  5 bats
  9 giant cockroaches
  9 goblins
  4 hobgoblins
  19 jackals
  9 kobolds
  10 quokkas
  7 frilled lizards
  A giant cockroach zombie (D:5)
  4 rats
  2 bushes (D:14)
414 creatures vanquished.

Vanquished Creatures (others)
  43 fungi
  52 plants
95 creatures vanquished.

Grand Total: 509 creatures vanquished

Notes
Turn   | Place    | Note
-------+----------+-------------------------------------------
     0 | D:1      | Marmelada08 the Naga Necromancer began the quest for the
                  | Orb.
     0 | D:1      | Reached XP level 1. HP: 15/15 MP: 3/3
   270 | D:1      | Reached XP level 2. HP: 19/22 MP: 5/5
   482 | D:1      | Learned a level 1 spell: Animate Skeleton
   720 | D:1      | Reached XP level 3. HP: 28/28 MP: 4/6
   844 | D:1      | Reached skill level 4 in Stealth
  1604 | D:2      | Reached skill level 5 in Necromancy
  1822 | D:2      | Found a burning altar of Makhleb.
  1927 | D:2      | Reached XP level 4. HP: 35/36 MP: 7/7
  2475 | D:3      | Reached skill level 5 in Stealth
  2496 | D:3      | Reached XP level 5. HP: 29/42 MP: 2/8
  2588 | D:3      | Learned a level 3 spell: Vampiric Draining
  2870 | D:3      | Noticed a phantom
  3045 | D:3      | Found a basalt altar of Yredelemnul.
  3292 | D:3      | Noticed Ijyb
  3299 | D:3      | Killed Ijyb
  3523 | D:3      | Killed a phantom
  3524 | D:3      | Reached skill level 6 in Stealth
  3524 | D:3      | Reached XP level 6. HP: 49/49 MP: 9/9
  3611 | D:3      | Noticed Blork the orc
  3619 | D:3      | Killed Blork the orc
  3662 | D:3      | Found a shimmering blue altar of Sif Muna.
  4282 | D:4      | Found a transporter.
  4297 | D:4      | Reached skill level 7 in Stealth
  4297 | D:4      | Reached XP level 7. HP: 54/55 MP: 10/10
  4529 | D:4      | Found a transporter.
  5173 | D:5      | Entered Level 5 of the Dungeon
  5200 | D:4      | Reached skill level 1 in Fighting
  5200 | D:4      | Reached skill level 1 in Short Blades
  5280 | D:5      | Found Nafoop's Antique Armour Boutique.
  5424 | D:5      | Found a staircase to the Ecumenical Temple.
  5456 | D:5      | Found a radiant altar of Vehumet.
  5456 | D:5      | Found a burning altar of Makhleb.
  5485 | Temple   | Entered the Ecumenical Temple
  5495 | Temple   | Became a worshipper of Gozag Ym Sagoz the Greedy
  5637 | D:5      | Found a hide-covered altar of Uskayaw.
  5641 | D:5      | Found Gieff's Weapon Shop.
  5809 | D:5      | Found Gilar's Assorted Antiques.
  5810 | D:5      | Found Vasac's Jewellery Boutique.
  5846 | D:5      | Bought a scroll labelled OTINILLOMA for 27 gold pieces
  5853 | D:5      | Reached skill level 8 in Stealth
  5918 | D:5      | Reached XP level 8. HP: 63/67 MP: 11/11
  6064 | D:5      | Bought a shimmering robe for 136 gold pieces
  6074 | D:5      | Identified the cursed +1 robe of Iloique {rF+ rC+ SInv}
                  | (You bought it in a shop on level 5 of the Dungeon)
  6320 | D:6      | Reached skill level 9 in Stealth
  6637 | D:6      | Found a sparkling altar of Nemelex Xobeh.
  7244 | D:7      | Reached XP level 9. HP: 42/78 MP: 3/12
  7511 | D:7      | Reached skill level 10 in Stealth
  7654 | D:7      | Noticed a cyclops
  8912 | D:8      | Reached skill level 5 in Fighting
  8986 | D:8      | Reached skill level 5 in Short Blades
  9134 | D:8      | Found an iron altar of Okawaru.
  9655 | D:8      | Reached skill level 11 in Stealth
 10208 | D:9      | Reached XP level 10. HP: 88/88 MP: 15/15
 10391 | D:8      | Reached skill level 1 in Shields
 10716 | D:9      | Learned a level 4 spell: Animate Dead
 10722 | D:9      | Learned a level 5 spell: Agony
 10902 | D:9      | Found a runed translucent gate.
 10902 | D:9      | Found a runed translucent gate.
 10902 | D:9      | Found a runed translucent gate.
 10903 | D:9      | Identified the +9 whip of Yhiotas {drain, rF+}
 10903 | D:9      | Noticed a kobold demonologist
 10904 | D:9      | Noticed MoonlitKnight's ghost (novice MiGl)
 11048 | D:9      | Found a white marble altar of Elyvilon.
 11180 | D:9      | Noticed a two-headed ogre
 11187 | D:9      | Killed a two-headed ogre
 11246 | D:9      | Noticed a two-headed ogre
 11251 | D:9      | Killed a two-headed ogre
 11252 | D:9      | Reached skill level 12 in Stealth
 11618 | D:10     | Entered Level 10 of the Dungeon
 11618 | D:10     | Found Ugisen's Weapon Emporium.
 11618 | D:10     | Noticed an orc knight
 11618 | D:10     | Noticed Urug
 11618 | D:10     | Noticed Erolcha
 11620 | D:10     | Killed Erolcha
 11621 | D:10     | Reached skill level 5 in Spellcasting
 11621 | D:10     | Reached skill level 10 in Necromancy
 11622 | D:10     | Found a staircase to the Orcish Mines.
 11626 | D:10     | Killed Urug
 11627 | D:10     | Reached XP level 11. HP: 93/99 MP: 8/19
 11638 | D:9      | Killed an orc knight
 12006 | D:10     | Noticed Josephine
 12169 | D:10     | Found a staircase to the Lair.
 12184 | D:10     | Reached skill level 13 in Stealth
 13090 | D:10     | Killed Josephine
 13420 | D:10     | Noticed Erica
 13438 | D:10     | Killed Erica
 14037 | D:10     | Noticed a two-headed ogre
 14044 | D:10     | Killed a two-headed ogre
 14045 | D:10     | Reached XP level 12. HP: 72/110 MP: 21/21
 14651 | D:11     | Found a glowing golden altar of the Shining One.
 14749 | D:11     | Reached skill level 14 in Stealth
 15081 | D:11     | Reached skill level 5 in Shields
 15204 | D:11     | Noticed Snorg
 15539 | D:11     | Noticed a two-headed ogre
 16623 | D:12     | Noticed a centaur warrior
 17041 | D:12     | Killed a centaur warrior
 17330 | D:13     | Found Opul's Distillery.
 18016 | D:13     | Reached skill level 15 in Stealth
 18225 | D:13     | Found a runed translucent door.
 18426 | D:13     | Noticed Qalota's ghost (journeyman MiBe)
 18502 | D:13     | Found a portal to a secret trove of treasure.
 19031 | D:14     | Gained mutation: You can use your snake-like lower body to
                  | constrict enemies. [Naga growth]
 19031 | D:14     | Reached XP level 13. HP: 121/121 MP: 24/24
 19207 | D:14     | Got a slimy turquoise ring
 19279 | D:14     | Identified the ring of Tiysouf {Wiz Str+3} (You found it on
                  | level 14 of the Dungeon)
 19777 | D:14     | Found a gate to the Vaults.
 19777 | D:14     | Noticed an ironheart preserver
 19785 | D:14     | Killed an ironheart preserver
 20411 | D:15     | Entered Level 15 of the Dungeon
 20616 | D:15     | Found a staircase to the Depths.
 20616 | D:15     | Noticed an ogre mage
 20649 | D:15     | Killed an ogre mage
 20650 | D:15     | Reached skill level 10 in Fighting
 20650 | D:15     | Reached skill level 16 in Stealth
 20678 | D:14     | Slain by a two-headed ogre

Illustrated notes

Levels and vault maps discovered:
D:1:      dpeg_arrival_tiny_h, layout_basic
D:2:      layout_rooms, corexii_shack, bloody_makhleb
D:3:      layout_loops_ring, general_overflow_altar, tgw_sif,
          serial_bayou_crossing, uniq_ijyb
D:4:      gammafunk_wand_slinger, layout_loops_ring, hangedman_decor_points
D:5:      layout_basic, grunt_temple_overflow_lords_of_destruction,
          minmay_temple_entry_tees, basic_altar, serial_shops, kennysheep_mini,
          nicolae_shop_overgrown_old_shop, shop,
          nicolae_shop_overgrown_old_shop, kennysheep_another_room
D:6:      layout_cave_pools, nemelex_xobeh_ov_fountains_minmay
D:7:      layout_layer_cave, chequers_jeans, grunt_potential
D:8:      minmay_flawed_box, layout_loops_corners, okawaru_gym_becter,
          st_stairs_14
D:9:      layout_basic, lemuel_doored_altar, gammafunk_ghost_nasty_kobolds
D:10:     layout_stronghold, due_lair_maze_entry_diamond, orc_david_3,
          uniq_josephine, uniq_erica, uniq_urug, uniq_erolcha
D:11:     layout_gridville, tso_metal_star, uniq_snorg
D:12:     layout_rooms, serial_corexii_hall, chequers_hall_statues_wall_a,
          corexii_hall_statues_l, chequers_hall_statues_wall_a,
          corexii_hall_statues_i
D:13:     layout_basic, trove_entry_hex_spiral, serial_shops, shop,
          ebering_ghost_inner_flame
D:14:     layout_irregular_city, skrybe_vaults_entry_preservation,
          roderic_roman_lattice, minmay_dual_archer_statues
D:15:     grunt_enter_depths_magical_seal, layout_irregular_city, serial_shops,
          shop, minmay_fountain_box, uniq_rupert
Temple:   nicolae_temple_no_exploring_needed

Skill      XL: |  1  2  3  4  5  6  7  8  9 10 11 12 13 |
---------------+----------------------------------------+-----
Stealth        | 4 5 6 7 8 9 11 12 13 15 16 | 16.0
Necromancy     | 5 6 7 8 9 10 11 12 | 12.1
Fighting       | 2 3 5 6 8 9 10 | 10.0
Short Blades   | 1 3 5 |  5.0
Spellcasting   | 3 5 6 7 8 |  8.6
Shields        | 3 4 6 7 |  7.4
Dodging        | |  1.5

Action                   |  1- 3 |  4- 6 |  7- 9 | 10-12 | 13-15 || total
-------------------------+-------+-------+-------+-------+-------++-------
Melee: Unarmed           |     6 |       |       |       |       ||     6
       Whip              |    25 |       |       |       |       ||    25
       Long sword        |     3 |    78 |     7 |   120 |     4 ||   212
       Dagger            |     2 |    11 |   408 |   573 |   144 ||  1138
       Constrict         |       |       |       |       |    18 ||    18
Throw: Stone             |       |       |     5 |    12 |       ||    17
 Cast: Pain              |    43 |    25 |    13 |    15 |       ||    96
       Vampiric Draining |       |     7 |    21 |    85 |    18 ||   131
       Agony             |       |       |       |     5 |       ||     5
 Abil: Spit Poison       |     9 |     8 |    23 |    16 |     2 ||    58
Evoke: Wand              |       |       |       |    29 |       ||    29
  Use: Scroll            |       |     5 |    10 |     8 |     1 ||    24
       Potion            |       |     1 |     1 |     3 |     2 ||     7
 Stab: Sleeping          |     4 |     3 |    13 |    32 |    18 ||    70
       Distracted        |       |     1 |     2 |     5 |     1 ||     9
       Paralysed         |       |       |       |     6 |       ||     6
Armor: Robe              |     8 |    72 |   236 |   303 |    36 ||   655
Dodge: Dodged            |    40 |    67 |   167 |   232 |    25 ||   531
Block: Other             |       |       |       |    54 |       ||    54
       Reflection        |       |       |       |    23 |    16 ||    39
       Kite shield       |       |       |       |   281 |    89 ||   370
       Rpst.: Long sword |     1 |    22 |       |    12 |     1 ||    36

Table legend: (Time is in decaauts)
 A = Elapsed time spent in this place.
 B = Non-inter-level travel time spent in this place.
 C = Inter-level travel time spent in this place.
 D = Time resting spent in this place.
 E = Time spent auto-exploring this place.
 F = Levels seen in this place.
 G = Mean time per level.
                   A        B        C        D        E       F      G
               +--------+--------+--------+--------+--------+-----+--------+
         Total |  24395 |  23547 |    848 |   5755 |  12242 |  16 | 1524.7 |
       Dungeon |  24371 |  23523 |    848 |   5755 |  12242 |  15 | 1624.7 |
        Temple |     23 |     23 |      0 |      0 |      0 |   1 |   23.0 |
               +--------+--------+--------+--------+--------+-----+--------+

Top non-repeatable levels by time:
    D:10: 2959 daAuts
     D:7: 2383 daAuts
    D:13: 2046 daAuts
     D:3: 1886 daAuts
    D:12: 1881 daAuts
     D:8: 1841 daAuts
     D:1: 1746 daAuts
    D:14: 1679 daAuts
    D:11: 1624 daAuts
     D:9: 1480 daAuts
     D:4: 1432 daAuts
     D:5: 1256 daAuts
     D:2: 1051 daAuts
     D:6: 767 daAuts
    D:15: 335 daAuts
